AoeStats
← trixnate

Black Forest

506065137Analyzed
2v2 RM · 19d ago on Sep 12, 2026· 62m 1s· 4 players
Game mode
Random Map
Map size
Medium (4 player)
Population
200
Speed
Normal
Resources
Standard
Victory
Conquest
Starting age
Dark Age
Ending age
Imperial Age
RankedLock teamsTeams togetherTeam positionsShared explorationLock speedFull tech treeHidden civsTurbo modeCheats
Victory
Defeat
🇳🇿 Turks · New Zealand
732
+41
🇹🇷 Byzantines · Türkiye
631
+38
🇲🇽 Khmer · Mexico
771
-20
🇲🇽 Dravidians · Mexico
733
-18
Heoxa
18:05 Feudal Age
21:50 Horse Collar
25:24 Double-Bit Axe
47:16 Wheelbarrow
58:29 Castle Age
trixnate
12:05 Loom
15:39 Feudal Age
21:31 Castle Age
19:49 Double-Bit Axe
19:47 Horse Collar
21:32 Forging
25:14 Town Watch
26:23 Bow Saw
26:25 Heavy Plow
28:28 Gold Mining
28:39 Fletching
29:25 Iron Casting
30:12 Town Patrol
31:40 Husbandry
32:13 Scale Barding Armor
33:26 Gold Shaft Mining
33:19 Chain Barding Armor
36:37 Imperial Age
34:44 Wheelbarrow
35:32 Bodkin Arrow
36:27 Bloodlines
37:28 Ballistics
36:48 Heavy Camel Rider
38:04 Conscription
40:41 Murder Holes
41:48 Plate Barding Armor
42:13 Blast Furnace
41:14 Bracer
46:42 Two-Man Saw
48:02 Elite Janissary
55:29 Capped Ram
57:15 Siege Ram
61:31 Hand Cart
Charly Redfield
4:18 Loom
15:20 Feudal Age
16:48 Man-at-Arms
17:44 Arson
19:43 Wheelbarrow
27:13 Castle Age
29:46 Double-Bit Axe
31:35 Gold Mining
31:36 Stone Mining
33:10 Pikeman
33:50 Squires
33:53 Gambesons
35:59 Scale Mail Armor
36:48 Long Swordsman
38:28 Guard Tower
45:50 Padded Archer Armor
49:23 Elite Skirmisher
50:41 Hand Cart
50:12 Town Watch
ADMHMCR69
2:17 Loom
11:46 Feudal Age
20:41 Castle Age
19:34 Double-Bit Axe
20:48 Padded Archer Armor
25:30 Scale Barding Armor
26:29 Forging
26:24 Gold Mining
26:31 Horse Collar
27:50 Wheelbarrow
27:30 Bloodlines
30:43 Chain Barding Armor
35:25 Tusk Swords
36:30 Redemption
40:43 Imperial Age
39:23 Iron Casting
38:38 Fletching
39:04 Leather Archer Armor
38:50 Scale Mail Armor
40:10 Gold Shaft Mining
39:36 Fishing Lines
41:25 Town Watch
42:09 Hand Cart
43:46 Conscription
42:54 Elite Skirmisher
44:06 Elite Battle Elephant
44:30 Pikeman
46:01 Halberdier
50:37 Light Cavalry
51:41 Hussar
53:41 Heavy Plow
58:56 Ring Archer Armor
59:28 Blast Furnace
Connection lost

Rejoining the realm…

Still unreachable

The connection could not be restored.

Session expired

The server has moved on; the page needs a fresh start.